 Dungeon Crawl Stone Soup version 0.28-a0-178-ga708605c5b (webtiles) character file.

Game seed: 15285170106746424632

9125 lunkers the Fighter (level 11, 0/92 HPs)
             Began as a Djinni Fire Elementalist on Aug 17, 2021.
             Was a High Priest of Ashenzari.
             Killed from afar by a lightning spire (14 damage)
             ... with a bolt of electricity
             ... in a Gauntlet.
             The game lasted 00:36:50 (15092 turns).

lunkers the Fighter (Djinni Fire Elementalist)     Turns: 15092, Time: 00:36:51

Health: 0/92       AC:  7    Str:  7    XL:     11   Next: 68%
Gold:   497        EV: 18    Int: 19    God:    Ashenzari [*****.] SH:  5 Dex: 15

rFire   + + .      SeeInvis +   j - +6 dagger "Share My Affliction" {protect, Melee, Evo} (curse)
rCold   x . .      Faith    .   i - +0 buckler "Cursed Yoke" {Melee, Range} (curse)
rNeg    . . .      Spirit   .   m - +2 animal skin "Share My Affliction" {Cun, Fort} (curse)
rPois   ∞          Reflect  .   n - +0 helmet "Malaise of the Cosmos" {Fort, Melee} (curse)
rElec   .          Harm     .   w - +0 cloak "Per Aspera Ad Scientiam" {Fort, Cun} (curse)
rCorr   .          Rampage  .   c - +0 pair of gloves of Ashenzari's Vision {Fort, Melee} (curse)
Will    ++...      Clarity  +   (boots unavailable) Stlth +++.......NoTele +
                                (no amulet)
HPRegen 0.25/turn               d - ring "Visionary of Ashenzari" {EV+4, Cun, Fort} (curse)
MPRegen 0.00/turn               h - ring of willpower

@: flying, studying Short Blades
A: sickness immunity, fire resistance 2, cold vulnerability 1, float, innate
caster, hp casting, extra vitality 1
a: Renounce Religion, Curse Item, Shatter the Chains


You were in a Gauntlet.
You worshipped Ashenzari.
Ashenzari was extremely pleased with you.
You visited 2 branches of the dungeon, and saw 12 of its levels.
You also visited: Gauntlet.

You collected 497 gold pieces.

Inventory:

Hand Weapons
 j - the cursed +6 dagger "Share My Affliction" (weapon) {protect, Melee, Evo}
   (You took it off Jessica on level 2 of the Dungeon)

   It grants its wielder temporary protection when it strikes (+7 to AC).
   It has a curse which improves the following skills: Melee Combat: Short
   Blades, Long Blades, Axes, Maces & Flails, Polearms, Staves and Unarmed
   Combat.
   Evocations: Evocations.
Missiles
 g - 283 stones
 v - 2 throwing nets
Armour
 c - the cursed +0 pair of gloves of Ashenzari's Vision (worn) {Fort, Melee}
   (You found it on level 6 of the Dungeon)

   It has a curse which improves the following skills: Fortitude: Armour and
   Shields.
   Melee Combat: Short Blades, Long Blades, Axes, Maces & Flails, Polearms,
   Staves and Unarmed Combat.
 i - the cursed +0 buckler "Cursed Yoke" (worn) {Melee, Range}
   (You found it on level 2 of the Dungeon)

   It has a curse which improves the following skills: Melee Combat: Short
   Blades, Long Blades, Axes, Maces & Flails, Polearms, Staves and Unarmed
   Combat.
   Ranged Combat: Slings, Bows, Crossbows and Throwing.
 m - the cursed +2 animal skin "Share My Affliction" (worn) {Cun, Fort}
   (You took it off Robin on level 2 of the Dungeon)

   It has a curse which improves the following skills: Cunning: Dodging and
   Stealth.
   Fortitude: Armour and Shields.
 n - the cursed +0 helmet "Malaise of the Cosmos" (worn) {Fort, Melee}
   (You took it off Robin on level 2 of the Dungeon)

   It has a curse which improves the following skills: Fortitude: Armour and
   Shields.
   Melee Combat: Short Blades, Long Blades, Axes, Maces & Flails, Polearms,
   Staves and Unarmed Combat.
 w - the cursed +0 cloak "Per Aspera Ad Scientiam" (worn) {Fort, Cun}
   (You found it on level 5 of the Dungeon)

   It has a curse which improves the following skills: Fortitude: Armour and
   Shields.
   Cunning:   Dodging and Stealth.
 z - the +4 ring mail "Aprae" {Will+ Dex+4}
   (You found it on level 7 of the Dungeon)

   Dex:       It affects your dexterity (+4).
   Will:      It increases your willpower.
Magical Staves
 l - a staff of death
Jewellery
 a - a ring of resist corrosion
 d - the cursed ring "Visionary of Ashenzari" (left hand) {EV+4, Cun, Fort}
   (You found it on level 1 of the Dungeon)

   [ring of evasion]

   EV:        It affects your evasion (+4).
   It has a curse which improves the following skills: Cunning: Dodging and
   Stealth.
   Fortitude: Armour and Shields.
 h - a ring of willpower (right hand)
 A - a ring of ice
Wands
 o - a wand of polymorph (18)
 r - a wand of digging (4)
Scrolls
 b - 4 scrolls of teleportation
 e - 4 scrolls of magic mapping
 s - 2 scrolls of enchant armour
 u - 2 scrolls of enchant weapon
 x - a scroll of holy word
 y - 2 scrolls of acquirement
Potions
 f - 2 potions of ambrosia
 k - 2 potions of might
 p - a potion of heal wounds
 q - 3 potions of attraction
 t - 2 potions of curing
 B - a potion of resistance
Miscellaneous
 C - a tin of tremorstones (2/2)


   Skills:
 + Level 13.5 Fighting
 - Level 2.1(6.0) Dodging
 - Level 1.5(4.9) Stealth
 - Level 0.7(4.0) Shields
 * Level 11.2 Spellcasting


You had 4 spell levels left.
You knew the following spells:

 Your Spells              Type           Power      Damage    Failure   Level
a - Fireball              Conj/Fire      26%        3d12      1%          5
b - Conjure Flame         Conj/Fire      52%        6-21      1%          3
c - Inner Flame           Hex/Fire       52%        N/A       1%          3
d - Sticky Flame          Conj/Fire      52%        2d7       1%          4
e - Poisonous Vapours     Pois/Air       100%       N/A       1%          2
f - Sandblast             Erth           100%       2d20      1%          1
g - Foxfire               Conj/Fire      100%       2x1d9     1%          1
h - Searing Ray           Conj           100%       3d7       1%          2
i - Confusing Touch       Hex            52%        N/A       1%          3
j - Animate Dead          Necr           26%        N/A       1%          4
Your spell library was empty.

Dungeon Overview and Level Annotations

Branches:
Dungeon (11/15)            Temple (1/1) D:4            Lair (0/6) D:8
Gauntlet (1/1)
    Orc: D:9-12

Altars:
Ashenzari
Cheibriados
Dithmenos
Elyvilon
Fedhas
Gozag
Hepliaklqana
Kikubaaqudgha
Makhleb
Nemelex Xobeh
Okawaru
Qazlal
Ru
Sif Muna
Trog
Uskayaw
Vehumet
Wu Jian
Xom
Yredelemnul
Zin
The Shining One

Annotations:
Gauntlet 13 transporters, exclusion: lightning spire


Innate Abilities, Weirdness & Mutations

You are immune to sickness and miasma.
You are immune to poison.
Your flesh is very heat resistant. (rF++)
You are vulnerable to cold. (rC-)
You float through the air rather than walking.
You learn spells naturally, not from books.
Your magical power is your life essence.
You have superior vitality. (+4 HP)


Message History

Unknown command.
Unknown command.
Unknown command.
Casting: Fireball (dangerous; 1% risk of failure)
Confirm with . or Enter, or press ? or * to list all spells.
Aiming: Fireball (dangerous; 1% risk of failure)
Press: ? - help, Shift-Dir - straight line, f/p - lightning spire
Aim: a lightning spire (moderately damaged)
The fireball explodes!
The fireball engulfs the lightning spire.
The lightning spire resists.
The lightning spire is heavily damaged.
* * * LOW HITPOINT WARNING * * *
Unknown command.
Casting: Fireball (dangerous; 1% risk of failure)
Confirm with . or Enter, or press ? or * to list all spells.
Aiming: Fireball (dangerous; 1% risk of failure)
Press: ? - help, Shift-Dir - straight line, f/p - lightning spire
Aim: a lightning spire (heavily damaged)
The fireball explodes!
The fireball engulfs the lightning spire.
The lightning spire resists.
The lightning spire is heavily damaged.
* * * LOW HITPOINT WARNING * * *
The lightning spire shoots out a bolt of lightning at you!
The bolt of electricity hits you.
* * * LOW HITPOINT WARNING * * *
Casting: Fireball (dangerous; 1% risk of failure)
Confirm with . or Enter, or press ? or * to list all spells.
Aiming: Fireball (dangerous; 1% risk of failure)
Press: ? - help, Shift-Dir - straight line, f/p - lightning spire
Aim: a lightning spire (heavily damaged)
The fireball explodes!
The fireball engulfs the lightning spire.
The lightning spire resists.
The lightning spire is severely damaged.
* * * LOW HITPOINT WARNING * * *
The lightning spire shoots out a bolt of lightning at you!
The bolt of electricity hits you!
You die...

©.........©.........©#≈≈8≈≈#.#...
############################.####
....©#≈≈§≈8§≈≈≈#©...........©....
#################################
.......ww#.#.........#.#sy....#..
........w#.#.........#.#ss...#...
,, ...#.w#.#.........#.##....#...
.PP......#.#.........#.#.##.#©...
....©....#.#....@....#.#...###...
......PP.#.#.........#.#....#.##.
wP#...#..#.#.........#.#s..#....#
wPP......#.#....8....#.#s..#.....
w..=©:?..#.#..?.©$=..#.#s.#=©(..)
##########.###########.##########
.................................
.........≈∩≈.....................
#################################


You could see a lightning spire.

Vanquished Creatures
  A hydra (D:9)
  A two-headed ogre (D:9)
  A manticore (D:7)
  A moth of wrath (Gauntlet)
  A gargoyle (D:7)
  2 trolls
  3 raiju (Gauntlet)
  6 yaks
  Sigmund (D:3)
  A shadow (D:10)
  2 wraiths
  4 wyverns
  A steam dragon (Gauntlet)
  An acid dragon (D:11)
  4 water moccasins
  An orc warrior (D:8)
  2 ice beasts
  2 black bears
  2 sky beasts (D:6)
  A necrophage (D:7)
  4 centaurs
  3 wolves (Gauntlet)
  A phantom (D:5)
  3 bullfrogs
  A gnoll sergeant (D:11)
  3 scorpions
  7 killer bees
  A howler monkey (D:7)
  3 wights (D:7)
  2 centaur zombies
  3 jellies
  A gnoll shaman (D:5)
  Jessica (D:2)
  3 iguanas
  Natasha (thrice) (D:3)
  4 orc wizards
  Robin (D:2)
  12 gnolls
  5 adders
  3 shadow imps (D:5)
  2 white imps
  An ufetubus (D:4)
  A worm (D:3)
  A dart slug (D:4)
  14 orcs
  3 endoplasms
  5 giant cockroaches
  10 goblins
  10 hobgoblins
  9 jackals
  6 kobolds
  A quokka (D:1)
  4 ball pythons
  9 bats
  4 frilled lizards
  2 rats
184 creatures vanquished.

Vanquished Creatures (others)
  A steam dragon (Gauntlet)
  2 demonic plants (Gauntlet)
  158 foxfires
  3 fungi (Gauntlet)
  69 plants
  14 withered plants (Gauntlet)
247 creatures vanquished.

Grand Total: 431 creatures vanquished

Notes
Turn   | Place    | Note
-------+----------+-------------------------------------------
     0 | D:1      | lunkers the Djinni Fire Elementalist began the quest for
                  | the Orb.
     0 | D:1      | Reached XP level 1. HP: 15/15 MP: 0/0
   654 | D:1      | Reached XP level 2. HP: 20/22 MP: 0/0
  1452 | D:2      | Reached skill level 1 in Fighting
  1739 | D:2      | Reached XP level 3. HP: 16/27 MP: 0/0
  1739 | D:2      | Learned a level 1 spell: Sandblast
  1944 | D:2      | Reached XP level 4. HP: 29/33 MP: 0/0
  1944 | D:2      | Noticed Jessica
  1947 | D:2      | Killed Jessica
  1948 | D:2      | Reached skill level 2 in Fighting
  2145 | D:2      | Found a faded altar of an unknown god.
  2312 | D:1      | Identified a scroll of acquirement
  2312 | D:1      | Acquired a manual of Fighting
  2608 | D:2      | Reached XP level 5. HP: 37/39 MP: 0/0
  2608 | D:2      | Learned a level 2 spell: Poisonous Vapours
  3083 | D:3      | Noticed Sigmund
  3336 | D:3      | Noticed Robin
  3376 | D:2      | Killed Robin
  3850 | D:3      | Noticed Natasha
  3860 | D:3      | Killed Natasha
  3861 | D:3      | Reached skill level 3 in Fighting
  4282 | D:3      | Found a glowing golden altar of the Shining One.
  4399 | D:3      | Killed Sigmund
  4400 | D:3      | Reached skill level 4 in Fighting
  4400 | D:3      | Reached XP level 6. HP: 48/48 MP: 0/0
  4666 | D:3      | Noticed a black bear
  4694 | D:3      | Killed a black bear
  4695 | D:3      | Reached skill level 5 in Fighting
  4695 | D:3      | Reached skill level 5 in Spellcasting
  4695 | D:3      | Reached XP level 7. HP: 41/54 MP: 0/0
  4695 | D:3      | Learned a level 2 spell: Searing Ray
  4837 | D:3      | Found a bloodstained altar of Trog.
  5084 | D:3      | Found an opulent altar of Gozag.
  5111 | D:3      | Noticed Natasha
  5119 | D:3      | Killed Natasha
  5164 | D:3      | Noticed Natasha
  5170 | D:3      | Killed Natasha
  5441 | D:4      | Found a staircase to the Ecumenical Temple.
  5447 | Temple   | Entered the Ecumenical Temple
  5636 | Temple   | Became a worshipper of Ashenzari the Shackled
  6350 | D:4      | Reached skill level 6 in Fighting
  6803 | D:5      | Entered Level 5 of the Dungeon
  6821 | D:5      | Reached XP level 8. HP: 61/61 MP: 0/0
  7457 | D:5      | Reached * piety under Ashenzari
  7572 | D:5      | Reached skill level 7 in Fighting
  8574 | D:5      | Reached skill level 8 in Fighting
  8574 | D:5      | Reached XP level 9. HP: 54/70 MP: 0/0
  8574 | D:5      | Learned a level 3 spell: Confusing Touch
  8828 | D:6      | Found a glowing silver altar of Zin.
  8840 | D:6      | Reached ** piety under Ashenzari
  9305 | D:6      | Reached skill level 9 in Fighting
  9532 | D:6      | Identified Sif Muna's Grimoire of Attacks
 10070 | D:7      | Reached skill level 10 in Fighting
 10264 | D:7      | Noticed a gargoyle
 10279 | D:7      | Killed a gargoyle
 10280 | D:7      | Reached XP level 10. HP: 42/81 MP: 0/0
 10495 | D:7      | Reached *** piety under Ashenzari
 10610 | D:7      | Identified the +4 ring mail "Aprae" {Will+ Dex+4}
 10745 | D:7      | Noticed a manticore
 10747 | D:7      | Identified Sif Muna's Beginning Course on Spellcraft
 10844 | D:7      | Killed a manticore
 10845 | D:7      | Reached skill level 11 in Fighting
 11623 | D:8      | Found a staircase to the Lair.
 12303 | D:9      | Reached **** piety under Ashenzari
 12358 | D:9      | Noticed a four-headed hydra
 12369 | D:9      | Killed a four-headed hydra
 12370 | D:9      | Reached skill level 12 in Fighting
 12370 | D:9      | Reached skill level 10 in Spellcasting
 12646 | D:9      | Noticed a two-headed ogre
 12652 | D:9      | Killed a two-headed ogre
 12653 | D:9      | Reached XP level 11. HP: 70/90 MP: 0/0
 12653 | D:9      | Learned a level 4 spell: Animate Dead
 12910 | D:10     | Entered Level 10 of the Dungeon
 12950 | D:10     | Found a sacrificial altar of Ru.
 12993 | D:10     | Found a snail-covered altar of Cheibriados.
 13307 | D:10     | Reached ***** piety under Ashenzari
 14005 | D:11     | Reached skill level 13 in Fighting
 14326 | D:11     | Found a gate leading to a gauntlet.
 14329 | D:11     | Noticed a boulder beetle
 14332 | Gauntlet | Entered a Gauntlet
 14332 | Gauntlet | Found a transporter.
 14336 | Gauntlet | Noticed a moth of wrath
 14349 | Gauntlet | Found a transporter.
 14359 | Gauntlet | Found a transporter.
 14364 | Gauntlet | Found a transporter.
 14366 | Gauntlet | Noticed a hell hog
 14382 | Gauntlet | Found a transporter.
 14383 | Gauntlet | Identified the ring of Wudazunly {Wiz +Blink}
 14400 | Gauntlet | Noticed a moth of wrath
 14403 | Gauntlet | Found a transporter.
 14414 | Gauntlet | Identified the ring of Fanaticism {rN+ Str+6 Int+3}
 14415 | Gauntlet | Found a transporter.
 14427 | Gauntlet | Found a transporter.
 14439 | Gauntlet | Found a transporter.
 14442 | Gauntlet | Noticed a catoblepas
 14448 | Gauntlet | Identified the ring "Douquruff" {Fire +Blink}
 14451 | Gauntlet | Found a transporter.
 14469 | Gauntlet | Found a transporter.
 14488 | Gauntlet | Found a transporter.
 14490 | Gauntlet | Found a transporter.
 14518 | Gauntlet | Found a transporter.
 14520 | Gauntlet | Found a transporter.
 14522 | Gauntlet | Found a transporter.
 14550 | Gauntlet | Found a transporter.
 14552 | Gauntlet | Found a transporter.
 14591 | Gauntlet | Killed a moth of wrath
 15092 | Gauntlet | Killed from afar by a lightning spire

Illustrated notes

Levels and vault maps discovered:
D:1:      mrwooster_arrival_arrow, layout_basic
D:2:      minmay_angry_zag, layout_basic, hellmonk_ecumenical_altar_zigzags,
          uniq_jessica
D:3:      layout_loops_ring, overflow_temple_1_default,
          mainiacjoe_overflow_catwalk, mainiacjoe_overflow_surrounded_room,
          serial_bayou, serial_bayou_pond_b, serial_bayou_ford_a,
          serial_bayou_shore_b, serial_bayou_lagoon_b, uniq_sigmund,
          uniq_natasha, uniq_robin
D:4:      layout_basic, minmay_temple_entry_offerings
D:5:      layout_basic
D:6:      layout_loops_cross, mainiacjoe_overflow_tiny_flanked, led_sif_book,
          roderic_roman_lattice, grunt_ministairs_1, kennysheep_dice
D:7:      layout_rooms
D:8:      layout_loops_ring, dpeg_oklobed_lair, minivault_27
D:9:      layout_roguey, minmay_misc_feat_diagonals
D:10:     layout_gridville, mainiacjoe_overflow_large_starburst, kennysheep_nub,
          minivault_26, minmay_misc_feat_doors, kennysheep_minor_cross
D:11:     layout_rooms, orc_0_dummy, gauntlet_entry_generic,
          minmay_misc_feat_square
Temple:   regret_index_temple_waves
Gauntlet: gammafunk_gauntlet_one_two_three [gammafunk_gauntlet_arena_corners,
          gammafunk_gauntlet_arena_mazey, gammafunk_gauntlet_arena_split_x,
          gammafunk_gauntlet_arena_arrow_garden,
          nicolae_gauntlet_arena_flowing_pool, gammafunk_gauntlet_arena_hedges,
          gammafunk_gauntlet_arena_open, nicolae_gauntlet_swirl,
          gammafunk_gauntlet_arena_grid, gauntlet_exit_spiral]

Skill      XL: |  1  2  3  4  5  6  7  8  9 10 11 |
---------------+----------------------------------+-----
Fighting       | 1 2 4 5 6 8 10 12 13 | 13.5
Spellcasting   | 3 4 5 7 8 10 11 | 11.2
Dodging        | |  2.1
Stealth        | |  1.5
Shields        | |  0.7

Action                   |  1- 3 |  4- 6 |  7- 9 | 10-12 || total
-------------------------+-------+-------+-------+-------++-------
Melee: Unarmed           |     3 |       |       |       ||     3
       Dagger            |       |    29 |   100 |    34 ||   163
 Cast: Foxfire           |    61 |    20 |     9 |       ||    90
       Poisonous Vapours |       |    90 |   133 |     2 ||   225
       Sticky Flame      |       |       |    24 |    15 ||    39
       Fireball          |       |       |       |    59 ||    59
       Searing Ray       |       |       |       |     7 ||     7
Invok: Curse Item        |       |       |     3 |     4 ||     7
  Use: Scroll            |       |     5 |       |     1 ||     6
 Stab: Sleeping          |       |     1 |     1 |     1 ||     3
Armor: Animal skin       |       |     6 |    29 |    18 ||    53
       Robe              |       |     4 |       |       ||     4
Dodge: Dodged            |    14 |    31 |   114 |    66 ||   225
Block: Buckler           |     2 |     8 |    23 |    14 ||    47

Table legend: (Time is in decaauts)
 A = Elapsed time spent in this place.
 B = Non-inter-level travel time spent in this place.
 C = Inter-level travel time spent in this place.
 D = Time resting spent in this place.
 E = Time spent auto-exploring this place.
 F = Levels seen in this place.
 G = Mean time per level.
                   A        B        C        D        E       F      G
               +--------+--------+--------+--------+--------+-----+--------+
         Total |  15088 |  14589 |    499 |   1606 |  10897 |  13 | 1160.6 |
       Dungeon |  14081 |  13696 |    385 |   1207 |  10734 |  11 | 1280.1 |
        Temple |    247 |    133 |    114 |      0 |    132 |   1 |  247.0 |
      Gauntlet |    759 |    759 |      0 |    399 |     31 |   1 |  759.0 |
               +--------+--------+--------+--------+--------+-----+--------+

Top non-repeatable levels by time:
     D:3: 2109 daAuts
     D:1: 1744 daAuts
     D:6: 1641 daAuts
     D:2: 1574 daAuts
     D:5: 1541 daAuts
    D:10: 1382 daAuts
     D:7: 1220 daAuts
     D:4: 1115 daAuts
     D:9: 898 daAuts
     D:8: 813 daAuts
Gauntlet: 759 daAuts
  Temple: 247 daAuts
    D:11: 40 daAuts
